 Dungeon Crawl Stone Soup version 0.31-a0-4-gefa6de2278 (webtiles) character file.

Game seed: 8501226811086907060

558 qeuew the Covered (level 7, -2/55 (61) HPs)
             Began as a Minotaur Fighter on May 4, 2023.
             Was an Initiate of Dithmenos.
             Slain by a wight
             ... wielding a +4 great sword
              (5 damage)
             ... on level 5 of the Dungeon.
             The game lasted 00:04:28 (3178 turns).

qeuew the Covered (Minotaur Fighter)                Turns: 3178, Time: 00:04:29

HP:   -2/55 (61)    AC:  7    Str: 20    XL:     7   Next: 9%
MP:   6/6           EV: 10    Int:  5    God:    Dithmenos [......]
Gold: 234           SH: 10    Dex: 12    Spells: 6/6 levels left

rFire   . . .        a - +2 war axe (flame)
rCold   . . .        c - +0 buckler
rNeg    . . .        b - +0 scale mail
rPois   .            (helmet restricted)
rElec   .            (no cloak)
rCorr   .            (no gloves)
SInv    .            (no boots)
Will    .....        i - amulet of reflection Stlth
                     (no ring)
HPRegen 0.29/turn    (no ring)
MPRegen 0.10/turn

%: reflection
@: drained
A: horns 2, retaliatory headbutt
a: Renounce Religion


You were on level 5 of the Dungeon.
You worshipped Dithmenos.
Dithmenos was noncommittal.
You visited 2 branches of the dungeon, and saw 6 of its levels.

You collected 234 gold pieces.

Inventory:

Hand Weapons
 a - a +2 war axe of flaming (weapon)
Missiles
 g - a throwing net (quivered)
Armour
 b - a +0 scale mail (worn)
 c - a +0 buckler (worn)
Jewellery
 i - an amulet of reflection (around neck)
Wands
 e - a wand of mindburst (14)
Scrolls
 j - a scroll of silence {unknown}
 k - a scroll of enchant armour
 m - 2 scrolls of teleportation
Potions
 d - a potion of might
 f - a potion of haste
 h - 2 potions of curing


   Skills:
 + Level 5.1 Fighting
 + Level 4.2 Axes
 * Level 6.2 Armour
 + Level 2.8 Dodging
 + Level 5.1 Shields
 + Level 1.0 Invocations
 + Level 1.0 Evocations


You had 6 spell levels left.
You didn't know any spells.
Your spell library contained the following spells:

 Spells                   Type           Power      Damage    Failure   Level
 Apportation              Tloc           0%         N/A       86%         1
 Necrotise                Necr           0%         1d4       86%         1
 Summon Small Mammal      Summ           0%         N/A       86%         1
 Cigotuvi's Dreadful Rot  Necr/Pois/Air  0%         N/A       95%         2
 Lesser Beckoning         Tloc           0%         N/A       95%         2
 Gell's Gravitas          Tloc           0%         N/A       99%         3
 Ignite Poison            Fire/Tmut/Pois 0%         N/A       99%         3
 Summon Guardian Golem    Hex/Summ       0%         N/A       99%         3
 Teleport Other           Tloc           0%         N/A       99%         3
 Summon Lightning Spire   Summ/Air       0%         N/A       100%        4
 Blade Hands              Tmut           0%         N/A       100%        5
 Freezing Cloud           Conj/Ice/Air   0%         6-21      100%        5
 Irradiate                Conj/Tmut      0%         3d11      100%        5
 Dragon Form              Tmut           0%         N/A       100%        7
 Orb of Destruction       Conj           0%         9d5       100%        7
 Spellforged Servitor     Conj/Summ      0%         N/A       100%        7
 Storm Form               Tmut/Air       0%         N/A       100%        7
 Maxwell's Capacitive Co  Air            0%         ∞         100%        8


Dungeon Overview and Level Annotations

Branches:
Dungeon (5/15)             Temple (1/1) D:4

Altars:
Ashenzari
Dithmenos
Elyvilon
Fedhas
Makhleb
Nemelex Xobeh
Qazlal
Ru
Trog
Uskayaw
Vehumet
Wu Jian
Yredelemnul
Zin

Shops:
D:4 :


Innate Abilities, Weirdness & Mutations

You have a pair of horns on your head.
You reflexively headbutt those who attack you in melee.


Message History

You destroy the wight!
Dithmenos accepts your kill.
Your life force feels restored.
Your Invocations skill increases to level 1!
Your Evocations skill increases to level 1!
You have reached level 7!
The wight hits you with a +4 great sword!
You feel drained.
Things that are here:
a +3 long sword; 2 javelins; a +0 robe You hit the wight.
You burn the wight.
The wight is moderately damaged.
You hit the wight but do no damage. The wight barely misses you.
You furiously retaliate!
You headbutt the wight. The wight barely misses you.
You slash the wight! You burn the wight.
The wight is almost destroyed.
You closely miss the wight. The wight closely misses you.
The wight hits you with a +0 dagger. The wight barely misses you.
The wight hits you with a +0 dagger.
You are too injured to fight recklessly!
You are too injured to fight recklessly!
You are too injured to fight recklessly!
You are too injured to fight recklessly!
You are too injured to fight recklessly!
You are too injured to fight recklessly!
You are too injured to fight recklessly!
You are too injured to fight recklessly!
You are too injured to fight recklessly!
You are too injured to fight recklessly!
You are too injured to fight recklessly!
You are too injured to fight recklessly!
Unknown command.
You slash the wight! You burn the wight.
The wight is almost destroyed.
You hit the wight but do no damage. The wight hits you with a +0 dagger.
You feel drained.
The wight hits you with a +4 great sword!
* * * LOW HITPOINT WARNING * * *
You feel drained.
You die...

#..# ... .. # #.#
.. #.. ####...
#..#......# .##
##zz......#
#..##..@.....#
#.....####.##
##....####..# ##
##.^........# #.
##...........##
#.###..............
#...##...####...#.
#.>.#....### .###
#............##


You could see 2 wights.

Vanquished Creatures
  A black bear (D:4)
  A wight (D:5)
  4 hounds
  A gnoll bouda (D:4)
  13 gnolls
  7 adders
  A shadow imp (D:5)
  A worm (D:4)
  A dart slug (D:1)
  4 orcs
  4 bats
  4 endoplasms (D:1)
  7 giant cockroaches
  6 goblins
  A hobgoblin (D:1)
  A jackal (D:5)
  2 quokkas
  9 ball pythons
  4 frilled lizards
  5 kobolds
  A rat (D:1)
78 creatures vanquished.

Notes
Turn   | Place    | Note
-------+----------+-------------------------------------------
     0 | D:1      | qeuew the Minotaur Fighter began the quest for the Orb.
     0 | D:1      | Reached XP level 1. HP: 19/19 MP: 0/0
    45 | D:1      | Reached XP level 2. HP: 18/27 MP: 1/1
   171 | D:1      | Reached skill level 4 in Armour
   474 | D:1      | Reached skill level 1 in Dodging
   491 | D:1      | Reached XP level 3. HP: 33/33 MP: 2/2
  1222 | D:2      | Found a faded altar of an unknown god.
  1436 | D:3      | Found a hide-covered altar of Uskayaw.
  1542 | D:3      | Reached XP level 4. HP: 40/40 MP: 3/3
  1889 | D:4      | Reached skill level 5 in Armour
  1889 | D:4      | Reached XP level 5. HP: 47/47 MP: 4/4
  2075 | D:4      | Reached XP level 6. HP: 9/53 MP: 5/5
  2246 | D:4      | Found Qaczet's Tiny Tomes.
  2312 | D:4      | Found a staircase to the Ecumenical Temple.
  2377 | Temple   | Entered the Ecumenical Temple
  2608 | Temple   | Became a worshipper of Dithmenos the Shadowed
  2849 | D:5      | Entered Level 5 of the Dungeon
  2866 | D:4      | Reached skill level 5 in Fighting
  2866 | D:4      | Reached skill level 6 in Armour
  3072 | D:5      | Reached skill level 5 in Shields
  3175 | D:5      | Reached skill level 1 in Invocations
  3175 | D:5      | Reached skill level 1 in Evocations
  3175 | D:5      | Reached XP level 7. HP: 43/61 MP: 6/6
  3178 | D:5      | Slain by a wight

Illustrated notes

Levels and vault maps discovered:
D:1:      ncdulo_wetmaze, layout_loops_ring, minmay_heptomino_o4
D:2:      layout_loops_ring, ebering_ecumenical_altar_webs
D:3:      layout_rooms, nicolae_overflow_crystal_walls
D:4:      layout_basic, minmay_temple_entry_antechambers,
          nicolae_shop_i_like_small_books_too
D:5:      cheibrodos_thug_alley, layout_layer_cave,
          minmay_overflow_temple_star_quad, minmay_bent, uniq_duvessa
Temple:   nicolae_temple_figure_eight

Skill      XL: |  1  2  3  4  5  6 |
---------------+-------------------+-----
Armour         | 4 5 6 |  6.2
Dodging        | 1 2 |  2.8
Shields        | 4 5 |  5.1
Fighting       | 4 5 |  5.1
Axes           | 3 4 |  4.2
Invocations    | 1 |  1.0
Evocations     | 1 |  1.0

Action                     |  1- 3 |  4- 6 |  7- 9 || total
---------------------------+-------+-------+-------++-------
  Melee: War axe           |    77 |    98 |     3 ||   178
         Headbutt          |     5 |    10 |       ||    15
    Use: Scroll            |     7 |     6 |       ||    13
         Potion            |     1 |     2 |       ||     3
 Armour: Scale mail        |    41 |    38 |       ||    79
  Dodge: Dodged            |    36 |    36 |     4 ||    76
  Block: Buckler           |    43 |    62 |       ||   105
         Reflection        |     1 |       |       ||     1

Table legend: (Time is in decaauts)
 A = Elapsed time spent in this place.
 B = Non-inter-level travel time spent in this place.
 C = Inter-level travel time spent in this place.
 D = Time resting spent in this place.
 E = Time spent auto-exploring this place.
 F = Levels seen in this place.
 G = Mean time per level.
                   A        B        C        D        E       F      G
               +--------+--------+--------+--------+--------+-----+--------+
         Total |   3259 |   3042 |    217 |    156 |   2398 |   6 |  543.2 |
       Dungeon |   3012 |   2834 |    178 |    156 |   2195 |   5 |  602.4 |
        Temple |    246 |    207 |     39 |      0 |    203 |   1 |  246.0 |
               +--------+--------+--------+--------+--------+-----+--------+

Top non-repeatable levels by time:
     D:4: 933 daAuts
     D:2: 764 daAuts
     D:1: 660 daAuts
     D:3: 471 daAuts
  Temple: 246 daAuts
     D:5: 182 daAuts
